 Dungeon Crawl Stone Soup version 0.26.1-11-gd32895ea62 (webtiles) character file.

Game seed: 6533970380411744933

121 eagelman13508 the Cudgeller (level 4, -4/44 HPs)
             Began as a Troll Berserker on June 13, 2021.
             Was a Believer of Trog.
             Slain by an ogre
             ... wielding a +0 giant club
              (22 damage)
             ... on level 4 of the Dungeon on June 14, 2021.
             The game lasted 00:09:35 (2373 turns).

eagelman13508 the Cudgeller (Troll Berserker)       Turns: 2373, Time: 00:09:35

Health: -4/44      AC:  7    Str: 26    XL:     4   Next: 77%
Magic:  3/3        EV: 10    Int:  3    God:    Trog [**....]
Gold:   148        SH:  0    Dex:  9    Spells: 3/3 levels left

rFire    . . .     SeeInvis +   a - +0 mace
rCold    . . .     Faith    .   (no shield)
rNeg     . . .     Spirit   .   b - +0 animal skin
rPois    .         Reflect  .   (helmet restricted)
rElec    .         Harm     .   l - +0 cloak
rCorr    .         Rampage  .   (gloves unavailable)
Will     .....                  (boots unavailable)
Stlth    +.........             g - amulet of regeneration
HPRegen  0.94/turn              e - ring of see invisible
MPRegen  0.08/turn              (no ring)

@: no status effects
A: large, unfitting armour, claws 3, regeneration 1, shaggy fur 1, tough skin 3
a: Renounce Religion, Berserk, Trog's Hand


You were on level 4 of the Dungeon.
You worshipped Trog.
Trog was pleased with you.
You visited 1 branch of the dungeon, and saw 4 of its levels.

You collected 148 gold pieces.

Inventory:

Hand Weapons
 a - a +0 mace (weapon)
Missiles
 d - 109 stones
 n - 7 poisoned darts
 q - 2 throwing nets
Armour
 b - a +0 animal skin (worn)
 l - a +0 cloak (worn)
 t - +0 ice dragon scales
Jewellery
 e - a ring of see invisible (left claw)
 g - an amulet of regeneration (around neck)
Scrolls
 h - 4 scrolls of identify {unknown}
 k - 3 scrolls of remove curse
 m - 2 scrolls of teleportation {unknown}
 o - 2 scrolls of random uselessness {unknown}
 p - a scroll of magic mapping {unknown}
 r - a scroll of immolation {unknown}
 s - a scroll of blinking {unknown}
Potions
 c - a potion of heal wounds {unknown}
 f - 2 potions of flight {unknown}
 i - a potion of curing {unknown}
 j - a potion of mutation {unknown}


   Skills:
 + Level 2.9 Fighting
 + Level 4.1 Maces & Flails
 + Level 3.1 Dodging


You had 3 spell levels left.
You didn't know any spells.
Your spell library was empty.

Dungeon Overview and Level Annotations

Branches:
Dungeon (4/15)
 Temple: D:4-7

Altars:
Elyvilon
Hepliaklqana
Kikubaaqudgha
Qazlal
Yredelemnul

Annotations:
D:3 1 runed translucent door, 2 transporters, Menkaure; Pepete's ghost, amateur HuFi


Innate Abilities, Weirdness & Mutations

You are too large for most types of armour.
You have claws for hands.
Your natural rate of healing is unusually fast.
You are covered in fur. (AC +1)
You have extremely tough skin. (AC +3)


Message History

An iguana comes into view.
The iguana hisses angrily.
You hit the ogre.
The ogre is lightly wounded.
The ogre hits you with a +0 giant club.
You thump the ogre!
The ogre is severely wounded.
The ogre hits you but does no damage.
You barely miss the ogre.
The ogre is severely wounded.
The ogre hits you with a +0 giant club!!
Ouch! That really hurt!
You hit the ogre.
The ogre is severely wounded.
The iguana closely misses you.
You barely miss the ogre.
The ogre is severely wounded.
The ogre hits you with a +0 giant club!!
Ouch! That really hurt!
You die...

.. #.
#.####
....#
#.#.#
...#
#Ol#
#@.#
#l.#
##<#
#...#
##..#
..#
.>#
###


You could see an ogre and 2 iguanas.

Vanquished Creatures
  7 adders
  A gnoll (D:3)
  A worm (D:3)
  2 orcs (D:3)
  A ball python (D:2)
  A giant cockroach (D:3)
  6 hobgoblins
  A jackal (D:1)
  9 kobolds
  9 bats
  A frilled lizard (D:1)
  4 goblins
  A jackal zombie (D:3)
  6 rats
50 creatures vanquished.

Notes
Turn   | Place    | Note
-------+----------+-------------------------------------------
     0 | D:1      | eagelman13508 the Troll Berserker began the quest for the
                  | Orb.
     0 | D:1      | Reached XP level 1. HP: 22/22 MP: 0/0
   282 | D:1      | Reached skill level 3 in Maces & Flails
   291 | D:1      | Reached XP level 2. HP: 29/29 MP: 1/1
   885 | D:2      | Reached XP level 3. HP: 20/36 MP: 2/2
  1280 | D:2      | Found a stormy altar of Qazlal.
  1282 | D:2      | Noticed an air elemental
  1282 | D:2      | Noticed a fire elemental
  1283 | D:2      | Noticed a water elemental
  1283 | D:2      | Noticed an earth elemental
  1403 | D:3      | Found a runed translucent door.
  1411 | D:3      | Noticed Pepete's ghost (amateur HuFi)
  1435 | D:3      | Reached ** piety under Trog
  1601 | D:3      | Found a hazy altar of Hepliaklqana.
  1621 | D:3      | Found a transporter.
  1642 | D:3      | Reached XP level 4. HP: 40/44 MP: 3/3
  1666 | D:3      | Found a transporter.
  1666 | D:3      | Found a basalt altar of Yredelemnul.
  1670 | D:3      | Noticed Menkaure
  1676 | D:3      | Found an ancient bone altar of Kikubaaqudgha.
  1891 | D:3      | Reached skill level 4 in Maces & Flails
  2089 | D:3      | Found a white marble altar of Elyvilon.
  2366 | D:4      | Noticed an ogre
  2373 | D:4      | Slain by an ogre

Illustrated notes

Levels and vault maps discovered:
D:1:      psy_arrival_radial02, layout_basic, st_stairs_7, kennysheep_boxes
D:2:      layout_basic, nicolae_qazlal_style_of_elements, minmay_misc_feat_five,
          minmay_misc_feat_chi
D:3:      layout_basic, nzn_hepliaklqana_mist_gate, lemuel_crystal_altar,
          gammafunk_temple_of_torment, ebering_ghost_sewer_d, chequers_garden,
          kennysheep_nondescript, minmay_increasing_density
D:4:      layout_basic, tso_metal_star, uniq_robin

Skill      XL: |  1  2  3  4 |
---------------+-------------+-----
Maces & Flails | 3 4 |  4.1
Dodging        | 3 |  3.1
Fighting       | |  2.9

Action                   |  1- 3 |  4- 6 || total
-------------------------+-------+-------++-------
Melee: Mace              |    96 |    45 ||   141
Invok: Berserk           |     1 |       ||     1
  Use: Scroll            |     2 |       ||     2
Armor: Animal skin       |    55 |    19 ||    74
Dodge: Dodged            |    79 |    24 ||   103
